 Dungeon Sprint DCSS version 0.23-a0-335-gba3dfdf (webtiles) character file.

1607 Fang the Cleaver (level 8, -1/60 HPs)
             Began as a Gargoyle Berserker on Oct 17, 2018.
             Was the Champion of Trog.
             Slain by an orc warrior
             ... wielding a +0 trident
             ... led by an orc knight
              (8 damage)
             ... in the Dungeon (Sprint VII: "The Pits").
             The game lasted 00:01:32 (552 turns).

Fang the Cleaver (Gargoyle Berserker)                Turns: 552, Time: 00:01:33

Health: -1/60      AC: 19    Str: 24    XL:     8   Next: 95%
Magic:  8/8        EV: 10    Int:  7    God:    Trog [******]
Gold:   0          SH:  0    Dex:  9    Spells: 7/7 levels left

rFire    . . .     SeeInvis .   m - +1 hand axe (freeze)
rCold    . . .     Gourm    .   (no shield)
rNeg     + . .     Faith    .   n - +3 chain mail
rPois    ∞         Spirit   .   (no helmet)
rElec    +         Reflect  .   (no cloak)
rCorr    .         Harm     .   (no gloves)
MR       .....     NoTele   +   (no boots)
Stlth    ..........             (no amulet)
HPRegen  0.20/turn              (no ring)
MPRegen  0.11/turn              (no ring)

@: berserk cooldown, slowed, very slow
A: negative energy resistance 1, electricity resistance, unbreathing,
petrification resistance, rot immunity, AC +5
a: Berserk, Trog's Hand, Brothers in Arms, Renounce Religion


You were in the Dungeon.
You worshipped Trog.
Trog was exalted by your worship.
You were very hungry.

You visited 1 branch

Inventory:

Hand Weapons
 j - a +2 hand axe
 m - a +1 hand axe of freezing (weapon)
Armour
 n - a +3 chain mail (worn)
Scrolls
 i - a scroll of blinking
 k - 3 scrolls of remove curse
 l - a scroll of summoning
Potions
 a - 2 potions of invisibility
 d - 6 potions of curing
 e - 5 potions of heal wounds
 f - a potion of haste
 g - 4 potions of magic
 h - 3 potions of berserk rage
Comestibles
 b - 3 chunks of flesh
 c - 9 rations


   Skills:
 + Level 11.9 Fighting
 + Level 12.2 Axes
 + Level 7.0 Armour
 + Level 6.1 Dodging
 + Level 2.2 Stealth


You had 7 spell levels left.
You didn't know any spells.
Your spell library was empty.

Dungeon Overview and Level Annotations

Branches:
Dungeon (1/1)

Altars:
Cheibriados
Dithmenos
Elyvilon
Fedhas
Gozag
Hepliaklqana
Makhleb
Nemelex Xobeh
Okawaru
Qazlal
Ru
Sif Muna
Trog
Vehumet
Wu Jian
Xom
Yredelemnul
Zin
The Shining One
Beogh
Jiyva
Lugonu


Innate Abilities, Weirdness & Mutations

You are resistant to torment.
Your stone body is resilient. (AC +5)
You are immune to poison.
You resist negative energy. (rN+)
You are resistant to electric shocks. (rElec)
You can survive without breathing.
You are immune to petrification.
You are immune to rotting.


Message History

You are exhausted.
You feel yourself slow down.
The orc warrior hits you from afar with a +0 trident!!
* * * LOW HITPOINT WARNING * * *
You are too injured to fight recklessly!
Unknown command.
You are too injured to fight recklessly!
Unknown command.
You feel much better.
The orc warrior no longer looks unusually strong.
The orc warrior hits you with a +0 hand axe!!
* * * LOW HITPOINT WARNING * * *
The orc warrior hits you but does no damage.
The orc warrior hits you with a +0 hand axe!
* * * LOW HITPOINT WARNING * * *
You are too injured to fight recklessly!
You hit the orc warrior but do no damage.
The orc warrior is heavily wounded.
The orc warrior hits you from afar with a +0 trident!
You die...

#.#.....#'###...<...#
#.#........##.......#
#.#........##.......#
#'###########.......#
#†()....#.. #########
#.))....#(######
#...#...#)#....#
#..###..#)#)...#
#...#...#)@o...+
#.......#)#[o..#
#....†..÷.#....#
################


You could see 2 orc warriors.

Vanquished Creatures
  An orc knight (D)
  A hippogriff (D)
  A floating eye (D)
  An orc warrior (D)
  2 black bears (D)
  An ogre (D)
  An orc priest (D)
  4 orc wizards (D)
  An adder (D)
  An ufetubus (D)
  An ooze (D)
  2 adder skeletons (D)
  A leopard gecko (D)
  7 orcs (D)
  A giant cockroach (D)
  2 goblins (D)
  A frilled lizard (D)
  A kobold (D)
  A rat (D)
31 creatures vanquished.

Vanquished Creatures (collateral kills)
  A hydra (D)
1 creature vanquished.

Grand Total: 32 creatures vanquished

Notes
Turn   | Place    | Note
-------+----------+-------------------------------------------
     0 | D        | Fang the Gargoyle Berserker began the quest for the Orb.
     0 | D        | Reached XP level 1. HP: 14/14 MP: 1/1
    19 | D        | Found a bloodstained altar of Trog.
    19 | D        | Found a deep blue altar of Sif Muna.
    19 | D        | Found a viscous altar of Jiyva.
    19 | D        | Found a hazy altar of Hepliaklqana.
    19 | D        | Found an opulent altar of Gozag.
    20 | D        | Found a glowing golden altar of the Shining One.
    20 | D        | Found a glowing silver altar of Zin.
    20 | D        | Found a basalt altar of Yredelemnul.
    20 | D        | Found a shimmering altar of Xom.
    20 | D        | Found an ornate altar of the Wu Jian Council.
    20 | D        | Found a sacrificial altar of Ru.
    20 | D        | Found a stormy altar of Qazlal.
    20 | D        | Found an iron altar of Okawaru.
    20 | D        | Found a sparkling altar of Nemelex Xobeh.
    20 | D        | Found a burning altar of Makhleb.
    20 | D        | Found a blossoming altar of Fedhas.
    20 | D        | Found a white marble altar of Elyvilon.
    20 | D        | Found a shadowy altar of Dithmenos.
    20 | D        | Found a snail-covered altar of Cheibriados.
    22 | D        | Found a radiant altar of Vehumet.
    22 | D        | Found a corrupted altar of Lugonu.
    22 | D        | Found a roughly hewn altar of Beogh.
    89 | D        | Reached skill level 3 in Axes
    93 | D        | Reached ** piety under Trog
   129 | D        | Reached XP level 2. HP: 16/20 MP: 2/2
   185 | D        | Noticed an ogre
   187 | D        | Reached skill level 4 in Axes
   188 | D        | Reached *** piety under Trog
   188 | D        | Reached XP level 3. HP: 25/25 MP: 3/3
   196 | D        | Killed an ogre
   196 | D        | Reached skill level 6 in Axes
   196 | D        | Reached XP level 4. HP: 32/32 MP: 4/4
   298 | D        | Noticed a floating eye
   298 | D        | Noticed a black bear
   300 | D        | Paralysed by a floating eye for 2 turns
   303 | D        | Reached **** piety under Trog
   305 | D        | Killed a floating eye
   305 | D        | Reached skill level 7 in Axes
   305 | D        | Reached XP level 5. HP: 39/39 MP: 5/5
   306 | D        | Killed a black bear
   306 | D        | Received a gift from Trog
   306 | D        | Reached skill level 8 in Axes
   306 | D        | Reached XP level 6. HP: 45/45 MP: 6/6
   311 | D        | Reached ***** piety under Trog
   313 | D        | Reached skill level 9 in Axes
   362 | D        | Noticed a black bear
   366 | D        | Killed a black bear
   366 | D        | Reached skill level 1 in Stealth
   366 | D        | Reached XP level 7. HP: 52/52 MP: 7/7
   369 | D        | Noticed a seven-headed hydra
   377 | D        | Killed a seven-headed hydra
   377 | D        | Reached skill level 10 in Fighting
   377 | D        | Reached skill level 10 in Axes
   377 | D        | Reached skill level 5 in Armour
   377 | D        | Reached skill level 5 in Dodging
   451 | D        | Reached XP level 8. HP: 51/59 MP: 8/8
   453 | D        | Reached skill level 11 in Axes
   524 | D        | Noticed an orc knight
   524 | D        | Noticed a hippogriff
   529 | D        | Killed a hippogriff
   542 | D        | Killed an orc knight
   542 | D        | Reached skill level 12 in Axes
   548 | D        | Reached ****** piety under Trog
   548 | D        | Received a gift from Trog
   552 | D        | Slain by an orc warrior

Vault maps used:
D:        pitsprint

Skill      XL: |  1  2  3  4  5  6  7  8 |
---------------+-------------------------+-----
Axes           | 3 4 6 7 8 9 10 12 | 12.2
Fighting       | 4 6 8 9 10 11 | 11.9
Dodging        | 2 3 4 5 6 |  6.1
Armour         | 3 4 5 7 |  7.0
Stealth        | 1 2 |  2.2

Action                   |  1- 3 |  4- 6 |  7- 9 || total
-------------------------+-------+-------+-------++-------
Melee: Hand axe          |    27 |    16 |    41 ||    84
Invok: Berserk           |     1 |     1 |     1 ||     3
       Brothers in Arms  |       |       |     2 ||     2
  Use: Potion            |       |       |     1 ||     1
  Eat: Chunk             |       |       |     1 ||     1
Armor: Animal skin       |     6 |       |       ||     6
       Chain mail        |       |    13 |    15 ||    28
Dodge: Dodged            |    12 |     7 |    17 ||    36

Table legend:
 A = Non-vault XP
 B = Vault XP
 C = Vault XP percentage of total XP
 D = Non-vault monster count
 E = Vault monster count
 F = Vault count percentage of total count
                 A         B        C        D         E       F
            +---------+---------+-------+---------+---------+-------
      Total |       0 |    2297 | 100.0 |       0 |      32 | 100.0
            +---------+---------+-------+---------+---------+-------
          D |       0 |    2297 | 100.0 |       0 |      32 | 100.0
            +---------+---------+-------+---------+---------+-------
